 Dungeon Crawl Stone Soup version 0.31-a0-229-g1fc7ce93e2 (webtiles) character file.

Game seed: 5675064426879344920

272 qw the Shooter (level 6, 0/51 HPs)
             Began as a Minotaur Hexslinger on July 6, 2023.
             Slain by a gnoll
             ... wielding a +0 spear
              (5 damage)
             ... on level 3 of the Dungeon.
             The game lasted 00:00:38 (1752 turns).

qw the Shooter (Minotaur Hexslinger)                Turns: 1752, Time: 00:00:39

Health: 0/51       AC:  5    Str: 12    XL:     6   Next: 2%
Magic:  6/6        EV: 11    Int: 10    God:
Gold:   30         SH:  0    Dex: 15    Spells: 6/7 levels left

rFire   . . .        Y - +1 sling (drain)
rCold   . . .        (no shield)
rNeg    . . .        f - +0 ring mail
rPois   .            (helmet restricted)
rElec   .            (no cloak)
rCorr   .            (no gloves)
SInv    .            (no boots)
Will    .....        (no amulet)
Stlth   +            (no ring)
HPRegen 0.28/turn    (no ring)
MPRegen 0.10/turn

%: no passive effects
@: no status effects
A: horns 2, retaliatory headbutt
a: no special abilities


You were on level 3 of the Dungeon.
You visited 1 branch of the dungeon, and saw 3 of its levels.

You collected 30 gold pieces.


Innate Abilities, Weirdness & Mutations

You have a pair of horns on your head.
You reflexively headbutt those who attack you in melee.


   Skills:
 + Level 3.1 Fighting
 - Level 6.3 Ranged Weapons
 - Level 1.0 Armour
 - Level 2.1 Dodging
 - Level 1.0 Spellcasting
 - Level 2.0 Hexes


You had 6 spell levels left.
You knew the following spells:

 Your Spells              Type           Power      Damage    Failure   Level
a - Slow                  Hex            16%        N/A       34%         1

Your spell library contained the following spells:

 Spells                   Type           Power      Damage    Failure   Level
 Inner Flame              Hex/Fire       2%         N/A       83%         3
 Portal Projectile        Hex/Tloc       4%         N/A       83%         3
 Cause Fear               Hex            2%         N/A       98%         4

Inventory:

Hand Weapons
 Y - a +1 sling of draining (weapon)
Armour
 f - a +0 ring mail (worn)
Scrolls
 k - a scroll of identify
Potions
 i - a potion of curing
 j - a potion of resistance

Dungeon Overview and Level Annotations

Branches:
Dungeon (3/15)

Altars:
Kikubaaqudgha


Message History

The gnoll is severely wounded.
The gnoll hits you from afar with a +0 halberd.
The gnoll hits you but does no damage.
You shoot a sling bullet. The sling bullet hits the gnoll.
The gnoll is severely wounded.
The gnoll hits you from afar with a +0 halberd!
The gnoll closely misses you. The gnoll barely misses you.
The gnoll hits you but does no damage.
You shoot a sling bullet.
The sling bullet barely misses the gnoll.
The gnoll hits you from afar with a +0 halberd.
The gnoll hits you but does no damage.
You shoot a sling bullet. The sling bullet hits the gnoll.
You kill the gnoll!
The gnoll closely misses you.
Your Fighting skill increases to level 3!
You have reached level 6!
You shoot a sling bullet.
The sling bullet closely misses the gnoll.
The gnoll hits you from afar with a +0 spear.
You shoot a sling bullet. The sling bullet hits the gnoll.
You drain the gnoll.
The gnoll is heavily wounded.
The gnoll barely misses you. The gnoll closely misses you.
You shoot a sling bullet.
The sling bullet barely misses the gnoll.
The gnoll hits you from afar with a +0 spear.
You shoot a sling bullet.
The sling bullet completely misses the gnoll.
The gnoll barely misses you.
You shoot a sling bullet. The sling bullet hits the gnoll.
The gnoll is severely wounded.
The gnoll barely misses you.
You shoot a sling bullet.
The sling bullet hits the gnoll but does no damage.
The gnoll is severely wounded.
The gnoll hits you from afar with a +0 spear.
You shoot a sling bullet.
The sling bullet barely misses the gnoll.
The gnoll hits you from afar with a +0 spear.
You die...

#..~~~~~~ .......
#~~~~~~. ~~ .......
#..~~~._.~~~. .......
###~~~~~77.~~~.~
.....<.##..~~~~~~~~~~~..
.......[.....~~~~~~~~~.~
.............~~~~~~~~~..
.....).)......~~~~~.~~.~
.....g.@....~.~~.~.....~
...)..).................
.......##....#..........
.>....# ####.####.......
####.# #.# #....... #.
#.# #.....## #
##.####..####
..#..##....##
............#


You could see a gnoll (very drained).

Vanquished Creatures
  Sigmund (D:2)
  3 gnolls (D:3)
  3 adders
  A worm (D:2)
  A dart slug (D:1)
  An endoplasm (D:1)
  2 giant cockroaches (D:1)
  A goblin (D:2)
  4 hobgoblins (D:2)
  7 jackals
  3 quokkas
  2 ball pythons
  2 bats (D:1)
  5 frilled lizards
  4 kobolds
  5 rats
45 creatures vanquished.

Notes
Turn   | Place    | Note
-------+----------+-------------------------------------------
     0 | D:1      | qw the Minotaur Hexslinger began the quest for the Orb.
     0 | D:1      | Reached XP level 1. HP: 16/16 MP: 1/1
     0 | D:1      | 0 ||| qw: Version: 0.3-a-46-gb1f654a
     0 | D:1      | 0 ||| qw: Game counter: 1591
     0 | D:1      | 0 ||| qw: Melee chars always use a shield: true
     0 | D:1      | 0 ||| qw: God list: Okawaru
     0 | D:1      | 0 ||| qw: Allow faded altars: false
     0 | D:1      | 0 ||| qw: Do Orc after clearing Dungeon:15 true
     0 | D:1      | 0 ||| qw: Do second Lair branch before Depths: true
     0 | D:1      | 0 ||| qw: Lair rune preference: random
     0 | D:1      | 0 ||| qw: Goals: Normal
     0 | D:1      | 0 ||| PLANNING D:1-11
   204 | D:1      | Reached skill level 3 in Ranged Weapons
   229 | D:1      | 229 ||| FLEEEEING.
   230 | D:1      | 230 ||| FLEEEEING.
   231 | D:1      | 231 ||| FLEEEEING.
   232 | D:1      | 232 ||| FLEEEEING.
   233 | D:1      | 233 ||| FLEEEEING.
   258 | D:1      | Reached XP level 2. HP: 16/23 MP: 2/2
   780 | D:1      | 780 ||| UPGRADING to +0 ring mail.
   790 | D:1      | 790 ||| DROPPING +0 robe.
   791 | D:1      | 791 ||| READING scroll labelled XUINNI JOSITT.
   792 | D:1      | 792 ||| READING scroll labelled RIODWO ETUTI.
   793 | D:1      | 793 ||| READING scroll labelled UPHITU KAEP.
   794 | D:1      | 794 ||| READING 3 scrolls labelled ZULUN UZAE.
   795 | D:1      | 795 ||| READING 2 scrolls of identify.
   795 | D:1      | 795 ||| IDENTIFYING murky orange potion
   796 | D:1      | 796 ||| DROPPING scroll of poison.
   797 | D:1      | 797 ||| DROPPING potion of berserk rage.
   907 | D:2      | Reached XP level 3. HP: 29/29 MP: 3/3
   926 | D:2      | Reached skill level 4 in Ranged Weapons
   993 | D:2      | Reached skill level 1 in Armour
  1046 | D:2      | Noticed Sigmund
  1054 | D:2      | Killed Sigmund
  1055 | D:2      | Reached skill level 6 in Ranged Weapons
  1055 | D:2      | Reached XP level 4. HP: 36/36 MP: 4/4
  1055 | D:2      | Reached XP level 5. HP: 41/41 MP: 5/5
  1139 | D:2      | Identified the +11 trident "Worm" {venom, Str+3 Dex+3}
  1149 | D:2      | Found an ancient bone altar of Kikubaaqudgha.
  1660 | D:2      | 1660 ||| DRINKING 2 purple potions.
  1661 | D:2      | 1661 ||| READING 2 scrolls of identify.
  1661 | D:2      | 1661 ||| IDENTIFYING bubbling amethyst potion
  1724 | D:3      | Found a faded altar of an unknown god.
  1743 | D:3      | HP: 10/44 [gnoll/+0 halberd (7)]
  1746 | D:3      | Reached skill level 3 in Fighting
  1746 | D:3      | Reached XP level 6. HP: 12/51 MP: 6/6
  1748 | D:3      | HP: 8/51 [gnoll/+0 spear (1)]
  1752 | D:3      | Slain by a gnoll

Levels and vault maps discovered:
D:1:      eino_arrival_cavern_e, layout_basic, amcnicky_mini_pool_small,
          grunt_decor_cap
D:2:      layout_basic, basic_altar, kennysheep_doodads, uniq_sigmund
D:3:      layout_rooms, tgw_kikubaaqudgha, nicolae_hepliaklqana_hippocampus,
          chequers_ecumenical_altar_island, hellmonk_ghost_happy_afterlife

Skill      XL: |  1  2  3  4  5 |
---------------+----------------+-----
Ranged Weapons | 3 6 |  6.3
Fighting       | 2 3 |  3.1
Armour         | 1 |  1.0
Dodging        | |  2.1
Spellcasting   | |  1.0
Hexes          | |  2.0

Action                     |  1- 3 |  4- 6 || total
---------------------------+-------+-------++-------
   Fire: Sling             |    91 |    39 ||   130
    Use: Scroll            |     5 |     1 ||     6
         Potion            |       |     1 ||     1
 Armour: Robe              |     2 |       ||     2
         Ring mail         |     8 |     4 ||    12
  Dodge: Dodged            |    24 |    12 ||    36

Table legend:
 A = Non-vault XP
 B = Vault XP
 C = Vault XP percentage of total XP
 D = Non-vault monster count
 E = Vault monster count
 F = Vault count percentage of total count
                 A         B        C        D         E       F
            +---------+---------+-------+---------+---------+-------
      Total |     150 |     239 |  61.4 |      44 |       1 |   2.2
            +---------+---------+-------+---------+---------+-------
        D:1 |      32 |       0 |   0.0 |      19 |       0 |   0.0
        D:2 |      57 |     239 |  80.7 |      18 |       1 |   5.3
        D:3 |      61 |       0 |   0.0 |       7 |       0 |   0.0
            +---------+---------+-------+---------+---------+-------
